 Dungeon Crawl Stone Soup version 0.30.0-18-gc0e69614cb (webtiles) character file.

Game seed: 1134076109626402742

30542 JanusIIV the Markself (level 13, -1/117 HPs)
             Began as a Deep Elf Hunter on May 25, 2023.
             Was a High Priest of Dithmenos.
             Succumbed to Nessos's poison
             ... on level 5 of the Lair of Beasts.
             The game lasted 00:38:29 (16805 turns).

JanusIIV the Markself (Deep Elf Hunter)            Turns: 16805, Time: 00:38:30

Health: -1/117     AC: 30    Str:  8    XL:     13   Next: 21%
Magic:  15/15      EV:  2    Int: 16    God:    Dithmenos [*****.]
Gold:   394        SH:  0    Dex: 22    Spells: 12/12 levels left

rFire   . . .        M - +2 arbalest (flame)
rCold   . . .        (shield currently unavailable)
rNeg    . . .        o - melded +1 robe {rC+}
rPois   +            y - melded +0 helmet {SInv}
rElec   .            A - melded +1 cloak
rCorr   .            v - melded +1 pair of gloves
SInv    .            c - melded +2 pair of boots
Will    +....        h - amulet of the acrobat
Stlth   ++++++++     d - +5 ring of evasion
HPRegen 0.39/turn    k - +4 ring of protection
MPRegen 0.14/turn

%: acrobat
@: lethally poisoned (-1 -> -18), tree-form, hasted, wreathed by umbra, very
quick
A: stationary, stasis, torment immunity, boosted hp
a: Renounce Religion, Shadow Step, Shadow Form


You were on level 5 of the Lair of Beasts.
You worshipped Dithmenos.
Dithmenos was extremely pleased with you.
You were a tree.
You visited 3 branches of the dungeon, and saw 18 of its levels.
You visited 1 bazaar.
You also visited: Sewer and Bailey.

You collected 1051 gold pieces.
You spent 657 gold pieces at shops.

Inventory:

Hand Weapons
 a - a +1 shortbow of freezing
 C - a +0 rapier
 M - a +2 arbalest of flaming (weapon)
Missiles
 t - 6 throwing nets
Armour
 c - a +2 pair of boots (melded)
 o - a +1 robe of cold resistance (melded)
 v - a +1 pair of gloves (melded)
 y - a +0 helmet of see invisible (melded)
 A - a +1 cloak (melded)
Jewellery
 d - a +5 ring of evasion (left branch)
 h - an amulet of the acrobat (around neck)
 j - a ring of ice
 k - a +4 ring of protection (right branch)
 n - a ring of positive energy
 r - a +4 ring of protection
Wands
 D - a wand of iceblast (4)
 E - a wand of paralysis (15)
 G - a wand of light (15)
 H - a wand of polymorph (16)
 I - a wand of flame (18)
 K - a wand of mindburst (9)
Scrolls
 b - 2 scrolls of immolation
 g - a scroll of teleportation
 m - a scroll of silence
 p - a scroll of brand weapon
 s - 4 scrolls of amnesia
Potions
 e - 4 potions of magic
 l - 3 potions of brilliance
 q - 3 potions of mutation
 u - 4 potions of might
 x - 3 potions of flight
 z - a potion of berserk rage {unknown}
 L - a potion of haste
Miscellaneous
 i - a phantom mirror


   Skills:
 - Level 8.0 Fighting
 + Level 20.4 Ranged Weapons
 + Level 2.7 Armour
 - Level 10.0 Dodging
 - Level 10.0 Stealth
 - Level 8.0 Evocations


You had 12 spell levels left.
You didn't know any spells.
Your spell library contained the following spells:

 Spells                   Type           Power      Damage    Failure   Level
 Magic Dart               Conj           0%         1d3       26%         1
 Sandblast                Erth           0%         2d4       26%         1
 Sting                    Tmut/Pois      0%         1d3       26%         1
 Call Imp                 Summ           0%         N/A       36%         2
 Passwall                 Tmut/Erth      0%         N/A       36%         2
 Poisonous Vapours        Pois/Air       0%         N/A       36%         2
 Mephitic Cloud           Conj/Pois/Air  0%         N/A       58%         3
 Stone Arrow              Conj/Erth      0%         3d7       58%         3
 Tukima's Dance           Hex            0%         N/A       58%         3
 Olgreb's Toxic Radiance  Pois           0%         N/A       94%         4
 Passage of Golubria      Tloc           0%         N/A       94%         4
 Summon Ice Beast         Ice/Summ       0%         N/A       94%         4
 Summon Mana Viper        Hex/Summ       0%         N/A       100%        5
 Yara's Violent Unravell  Hex/Tmut       0%         3d3       100%        5
 Monstrous Menagerie      Summ           0%         N/A       100%        7


Dungeon Overview and Level Annotations

Branches:
Dungeon (11/15)            Temple (0/1) D:6            Lair (5/5) D:9
 Shoals (0/4) Lair:2       Spider (0/4) Lair:2        Slime (0/5) Lair:4
    Orc (2/2) D:11            Elf (0/3) Orc:2         Sewer (visited)
 Bailey (visited)

Altars:
Dithmenos
Elyvilon
Gozag
Vehumet
Jiyva

Shops:
D:4 *   Orc:2 *

Annotations:
Lair:4 exclusion: 2 oklob plants
Lair:5 Nessos


Message History

You shoot a bolt.
Nessos shouts!
The bolt hits Nessos!
The bolt burns Nessos.
Nessos is lightly wounded.
Nessos wields a +1 longbow of flaming.
It bursts into flame!
Nessos shoots an arrow.
The arrow hits you! The arrow burns you.
You are poisoned.
A black mamba comes into view.
The black mamba hisses angrily.
You shoot a bolt. The bolt barely misses Nessos.
You feel very sick.
Nessos casts a spell.
Nessos seems to speed up.
Nessos shoots an arrow.
The arrow barely misses you.
You shoot a bolt. The bolt hits the black mamba!
The bolt burns the black mamba.
The black mamba is moderately wounded.
You feel sick.
Nessos shoots an arrow.
The arrow hits you!
* * * LOW HITPOINT WARNING * * *
The arrow burns you!
You are lethally poisoned!
* * * LOW HITPOINT WARNING * * *
Okay, then.
As you read the scroll of teleportation, it crumbles to dust.
You feel strangely unstable.
* * * LOW HITPOINT WARNING * * *
You feel extremely sick.
Nessos pounds the earth with their hooves.
It was a potion of haste.
You feel yourself speed up.
* * * LOW HITPOINT WARNING * * *
You feel very sick. The black mamba closely misses you.
It was a potion of lignification.
You turn into a tree.
Your +1 cloak melds into your body.
Your +0 helmet of see invisible melds into your body.
Your +1 pair of gloves melds into your body.
Your +2 pair of boots melds into your body.
Your +1 robe of cold resistance melds into your body.
You feel less perceptive.
You feel less resistant to cold.
Your roots penetrate the ground.
You feel strangely stable.
You die...

#.#..........†#..................
...........###†..#..........#.#
#.....##.#####....##.......#####
#...#.#c..# #.#..PP......##
#...c....## #....P.P.#..##
♣........# ##..###..#.##
♣♣.♣♣...## ##c.###.P.P# ♣ ♣.....
##S.##....## ♣♣..... #♣..##.....#
♣♣♣♣♣.. #..##......# ...
#..##.P....# ..#. #..###....##
#...##....## ##.##.†....#
...###.##......# .........†....##
....P.######...#


You could see Nessos (fast) and a black mamba.

Vanquished Creatures
  Fannar (Lair:2)
  3 hydras
  2 boulder beetles
  Sonja (Lair:1)
  2 lindwurms
  4 orc knights
  An orc sorcerer (Orc:1)
  Joseph (Lair:1)
  2 black mambas
  10 cane toads
  A torpor snail (Lair:1)
  An unseen horror (D:10)
  4 komodo dragons
  3 trolls
  A meliai (Lair:1)
  A polar bear (Lair:2)
  4 hornets
  3 blink frogs (Lair:4)
  Prince Ribbit (Bailey)
  7 dream sheep (Lair:3)
  A vampire (D:11)
  4 spriggans (Lair:5)
  3 wyverns
  4 shadows
  16 yaks
  A wraith (D:10)
  3 basilisks
  3 humans (Bailey)
  Menkaure (D:5)
  11 water moccasins
  11 orc warriors
  2 sky beasts (D:7)
  2 ice beasts
  4 black bears
  20 wolves
  3 ogres (D:5)
  2 phantoms (D:6)
  2 centaurs
  6 kobold brigands
  13 bullfrogs
  5 necrophages (Lair:3)
  3 gnoll sergeants
  2 scorpions (D:5)
  4 killer bees
  6 electric eels
  A jelly (D:6)
  3 gnoll boudas
  8 orc priests
  5 hounds
  2 sleepcaps
  2 iguanas
  6 orc wizards
  7 adders
  27 gnolls
  2 river rats (Sewer)
  3 white imps
  2 ufetubi (D:5)
  3 worms (Sewer)
  4 dart slugs
  52 orcs
  11 ball pythons
  8 endoplasms
  5 giant cockroaches
  4 goblins
  4 jackals (D:2)
  2 quokkas
  4 bats
  2 frilled lizards (D:1)
  20 kobolds
  7 rats
379 creatures vanquished.

Notes
Turn   | Place    | Note
-------+----------+-------------------------------------------
     0 | D:1      | JanusIIV the Deep Elf Hunter began the quest for the Orb.
     0 | D:1      | Reached XP level 1. HP: 12/12 MP: 3/3
   468 | D:1      | Reached XP level 2. HP: 17/17 MP: 4/4
   802 | D:1      | Found a faded altar of an unknown god.
   925 | D:2      | Reached skill level 6 in Ranged Weapons
   934 | D:2      | Reached XP level 3. HP: 21/21 MP: 5/5
  1894 | D:4      | Reached XP level 4. HP: 27/27 MP: 6/6
  2241 | D:4      | Found Fogecw's Assorted Antiques.
  2314 | D:5      | Entered Level 5 of the Dungeon
  2314 | D:5      | Found a shadowy altar of Dithmenos.
  2317 | D:5      | Noticed Menkaure
  2326 | D:5      | Killed Menkaure
  2327 | D:5      | Reached skill level 7 in Ranged Weapons
  2327 | D:5      | Reached XP level 5. HP: 12/32 MP: 7/7
  2412 | D:5      | Became a worshipper of Dithmenos the Shadowed
  2417 | D:5      | Found a white marble altar of Elyvilon.
  2457 | D:5      | Noticed an ice beast
  2469 | D:5      | Killed an ice beast
  2470 | D:5      | Reached skill level 8 in Ranged Weapons
  2470 | D:5      | Reached XP level 6. HP: 38/38 MP: 8/8
  2497 | D:5      | Found a glowing drain.
  2670 | Sewer    | Entered a sewer
  2890 | Sewer    | Reached XP level 7. HP: 44/44 MP: 9/9
  3048 | Sewer    | Reached skill level 9 in Ranged Weapons
  3139 | Sewer    | Reached * piety under Dithmenos
  3162 | Sewer    | Reached skill level 5 in Fighting
  3552 | D:5      | Reached skill level 10 in Ranged Weapons
  3682 | D:5      | Reached XP level 8. HP: 47/49 MP: 10/10
  4227 | D:6      | Reached skill level 11 in Ranged Weapons
  4269 | D:6      | Identified the +2 leather armour of Sandy Intercession
                  | {Str+2}
  4325 | D:6      | Reached skill level 5 in Dodging
  4487 | D:6      | Reached skill level 5 in Stealth
  4532 | D:6      | Found a staircase to the Ecumenical Temple.
  4725 | D:7      | Reached ** piety under Dithmenos
  4726 | D:7      | Reached skill level 12 in Ranged Weapons
  4726 | D:7      | Reached XP level 9. HP: 54/54 MP: 11/11
  6386 | D:8      | Reached skill level 13 in Ranged Weapons
  6519 | D:8      | Found an opulent altar of Gozag.
  6978 | D:9      | Found a flagged portal.
  6985 | Bailey   | Entered a bailey
  7020 | Bailey   | Reached skill level 14 in Ranged Weapons
  7239 | Bailey   | Reached XP level 10. HP: 59/59 MP: 12/12
  7287 | Bailey   | Noticed Prince Ribbit
  7287 | Bailey   | Noticed a vault guard
  7321 | Bailey   | Killed Prince Ribbit
  7416 | D:9      | Reached *** piety under Dithmenos
  7603 | D:9      | Found a staircase to the Lair.
  7976 | D:9      | Reached skill level 15 in Ranged Weapons
  8281 | D:10     | Entered Level 10 of the Dungeon
  8390 | D:10     | Found a radiant altar of Vehumet.
  8736 | D:10     | Reached skill level 16 in Ranged Weapons
  9554 | Lair:1   | Entered Level 1 of the Lair of Beasts
  9785 | Lair:1   | Noticed a torpor snail
  9796 | Lair:1   | Killed a torpor snail
  9883 | Lair:1   | Noticed Joseph
  9899 | Lair:1   | Killed Joseph
  9937 | Lair:1   | Noticed Sonja
  9945 | Lair:1   | Killed Sonja
 10117 | Lair:1   | Reached XP level 11. HP: 63/63 MP: 13/13
 10301 | Lair:1   | Reached skill level 10 in Dodging
 10612 | Lair:1   | Reached **** piety under Dithmenos
 10666 | Lair:2   | Noticed a boulder beetle
 10791 | Lair:1   | HP: 3/63 [meliai/divine providence (10)]
 10813 | Lair:1   | Reached skill level 17 in Ranged Weapons
 10988 | Lair:1   | Killed a boulder beetle
 11126 | Lair:2   | Found a hole to the Spider Nest.
 11217 | Lair:2   | Reached skill level 10 in Stealth
 11497 | Lair:2   | Found a staircase to the Shoals.
 11503 | Lair:2   | Noticed Fannar
 11527 | Lair:2   | Killed Fannar
 11550 | Lair:2   | Reached skill level 18 in Ranged Weapons
 11573 | Lair:2   | Reached skill level 1 in Evocations
 11573 | Lair:2   | Noticed a six-headed hydra
 11582 | Lair:2   | Killed a six-headed hydra
 11911 | Lair:3   | Noticed a lindwurm
 11920 | Lair:3   | Killed a lindwurm
 12211 | Lair:3   | Reached XP level 12. HP: 70/70 MP: 14/14
 12517 | Lair:3   | Noticed a four-headed hydra
 12819 | Lair:3   | Killed a four-headed hydra
 12820 | Lair:3   | Reached skill level 5 in Evocations
 13179 | Lair:3   | Reached skill level 19 in Ranged Weapons
 13349 | Lair:4   | Found a viscous altar of Jiyva.
 13349 | Lair:4   | Found a staircase to the Slime Pits.
 13544 | Lair:4   | Reached ***** piety under Dithmenos
 14446 | D:11     | Found a flickering gateway to a bazaar.
 14455 | Bazaar   | Entered a bazaar
 14455 | Bazaar   | Found Imusome's Armour Shoppe.
 14455 | Bazaar   | Found Ozoshr Ving's Weapon Emporium.
 14461 | Bazaar   | Found Pawkuciz's Armour Emporium.
 14478 | Bazaar   | Found Vuqettedd's Assorted Antiques.
 14516 | Bazaar   | Bought a +2 pair of boots for 313 gold pieces
 14516 | Bazaar   | Bought a +0 helmet of see invisible for 218 gold pieces
 14552 | Bazaar   | Bought a +1 pair of gloves for 126 gold pieces
 14660 | D:11     | Found a staircase to the Orcish Mines.
 15483 | Orc:1    | Entered Level 1 of the Orcish Mines
 16006 | Orc:2    | Entered Level 2 of the Orcish Mines
 16006 | Orc:2    | Found a staircase to the Elven Halls.
 16006 | Orc:2    | Found Gaodin's General Store.
 16009 | Orc:2    | Noticed an ettin
 16300 | Lair:5   | Entered Level 5 of the Lair of Beasts
 16329 | Lair:5   | Noticed a boulder beetle
 16341 | Lair:5   | Reached skill level 20 in Ranged Weapons
 16341 | Lair:5   | Reached XP level 13. HP: 78/78 MP: 15/15
 16397 | Lair:5   | Reached skill level 1 in Armour
 16400 | Lair:5   | Paralysed by a hornet for 2 turns
 16403 | Lair:5   | Paralysed by a hornet for 1 turns
 16687 | Lair:5   | Noticed Nessos
 16804 | Lair:5   | HP: 1/78 [poisoned by Nessos]
 16805 | Lair:5   | Succumbed to Nessos's poison

Illustrated notes

Levels and vault maps discovered:
D:1:      wheals_arrival_shading, layout_loops_corners,
          shapermc_ecumenical_altar_pompeii, minmay_tetromino_o2
D:2:      layout_rooms
D:3:      layout_rooms, minmay_misc_feat_columns
D:4:      layout_cave_pods, serial_shops, shop, serial_park,
          serial_park_square2, serial_park_tiny_2, serial_park_fountain,
          minmay_splitting_lines
D:5:      layout_rooms, mainiacjoe_overflow_catch_the_wave,
          portal_sewer_entry_a, minmay_pentangle, uniq_menkaure
D:6:      layout_basic, temple_green, minmay_misc_feat_plants
D:7:      layout_layer_cave
D:8:      layout_basic, kennysheep_mini, item_on_display_a
D:9:      layout_irregular_city, lair_entry_dummy, enter_bailey_2
D:10:     layout_cave_pods, old_standard_altar, minivault_19
D:11:     layout_basic, david_orc_5, special_room [special_room_orc],
          serial_shops, bzr_in_the_mist
Lair:1:   layout_hall_layers, disabler_island, serial_bayou_shore_b, uniq_sonja,
          uniq_joseph
Lair:2:   layout_gridlike, shoals_dummy_entry,
          hellmonk_spider_entry_not_the_bees, uniq_fannar
Lair:3:   layout_chaotic_city, roderic_carrion_pond
Lair:4:   minmay_lair_oklob_chamber, layout_cave_pods, slime_entry_1
Lair:5:   minmay_lair_end_enchanted_forest, layout_loops_ring, minivault_19,
          uniq_urug, uniq_nessos, uniq_rupert
Orc:1:    layout_caves, minmay_orc_temple_b, uniq_nergalle, uniq_erica
Orc:2:    grunt_orc_gardens, layout_caves, grunt_orc_garden, grunt_orc_garden,
          grunt_orc_garden, grunt_orc_garden, serial_shops, shop, shop, shop,
          nicolae_shop_trees, nicolae_shop_bloodbath_and_beyond

Skill      XL: |  1  2  3  4  5  6  7  8  9 10 11 12 13 |
---------------+----------------------------------------+-----
Fighting       | 2 3 4 5 6 8 |  8.0
Ranged Weapons | 6 7 8 10 12 14 16 18 20 | 20.4
Stealth        | 2 5 7 8 10 | 10.0
Dodging        | 3 6 7 9 10 | 10.0
Evocations     | 4 8 |  8.0
Armour         | 2 |  2.7

Action                     |  1- 3 |  4- 6 |  7- 9 | 10-12 | 13-15 || total
---------------------------+-------+-------+-------+-------+-------++-------
   Fire: Shortbow          |    85 |   107 |   462 |   661 |       ||  1315
         Arbalest          |       |       |       |   254 |    70 ||   324
  Evoke: Wand              |       |       |       |     1 |       ||     1
         Phantom mirror    |       |       |       |     1 |       ||     1
    Use: Scroll            |       |     6 |    12 |    18 |     5 ||    41
         Potion            |       |     2 |       |    12 |     5 ||    19
 Armour: Leather armour    |     6 |    16 |    31 |    28 |       ||    81
         Robe              |       |       |       |    15 |     4 ||    19
  Dodge: Dodged            |    20 |    45 |   183 |   391 |    53 ||   692
